 Dungeon Crawl Stone Soup version 0.30-a0-137-gd8773701ce (webtiles) character file.

Game seed: 17886680980772320916

12055 Iusername the Severer (level 11, -4/150 HPs)
             Began as a Minotaur Fighter on Sept 22, 2022.
             Was a Believer of Dithmenos.
             Slain by Sonja
             ... wielding a +1 short sword of venom
              (5 damage)
             ... on level 10 of the Dungeon.
             The game lasted 00:20:07 (12845 turns).

Iusername the Severer (Minotaur Fighter)           Turns: 12845, Time: 00:20:08

Health: -4/150     AC: 36    Str: 22    XL:     11   Next: 57%
Magic:  10/10      EV:  2    Int:  7    God:    Dithmenos [**....]
Gold:   623        SH:  6    Dex: 11    Spells: 10/10 levels left

rFire   . . .      SeeInvis .    a - +4 war axe (protect)
rCold   . . .      Faith    .    c - +0 buckler
rNeg    . . .      Spirit   .    (body armour currently unavailable)
rPois   +          Reflect  .    (helmet currently unavailable)
rElec   .          Harm     .    (cloak currently unavailable)
rCorr   .          Rampage  .    (gloves currently unavailable)
Will    .....      NoTele   +    (boots currently unavailable)
Stlth   ++........               (no amulet)
HPRegen 0.35/turn                o - +4 ring of protection
MPRegen 0.12/turn                d - +4 ring of evasion

@: lethally poisoned (-4 -> -65), tree-form, under a protective aura,
attractive, wreathed by umbra, studying Dodging
A: stationary, stasis, torment immunity, boosted hp, (horns 2), (retaliatory
headbutt)
a: Renounce Religion, Shadow Step


You were on level 10 of the Dungeon.
You worshipped Dithmenos.
Dithmenos was pleased with you.
You were a tree.
You visited 1 branch of the dungeon, and saw 10 of its levels.
You also visited: Sewer.

You collected 623 gold pieces.

Inventory:

Hand Weapons
 a - a +4 war axe of protection (weapon)
Missiles
 g - 6 javelins
Armour
 c - a +0 buckler (worn)
 t - a +2 plate armour (melded)
 z - a +1 hat (melded)
 A - a +0 cloak (melded)
 D - a +0 pair of boots (melded)
Jewellery
 d - a +4 ring of evasion (right branch)
 e - a ring of ice
 o - a +4 ring of protection (left branch)
Wands
 u - a wand of digging (2)
 E - a wand of flame (28) (quivered)
 G - a wand of polymorph (9)
 H - a wand of roots (6)
 I - a wand of mindburst (7)
Scrolls
 b - 2 scrolls of noise {unknown}
 f - a scroll of identify
 j - 4 scrolls of poison
 m - 3 scrolls of immolation
 n - 4 scrolls of butterflies
 r - 3 scrolls of amnesia
 C - 3 scrolls of teleportation
 F - 2 scrolls of vulnerability {unknown}
Potions
 k - a potion of cancellation
 l - 2 potions of mutation
 q - 2 potions of brilliance
 v - 3 potions of lignification
 B - a potion of flight
Miscellaneous
 w - a piece from Xom's chessboard (15/15)


   Skills:
 + Level 10.2 Fighting
 + Level 18.3 Axes
 + Level 11.3 Armour
 + Level 3.0 Dodging
 + Level 1.7 Stealth
 + Level 8.9 Shields
 + Level 0.2 Unarmed Combat
 + Level 0.1 Evocations


You had 10 spell levels left.
You didn't know any spells.
Your spell library contained the following spells:

 Spells                   Type           Power      Damage    Failure   Level
 Necrotise                Necr           0%         1d4       50%         1
 Sting                    Tmut/Pois      0%         1d3       50%         1
 Poisonous Vapours        Pois/Air       0%         N/A       65%         2
 Vampiric Draining        Necr           0%         2d6       86%         3
 Olgreb's Toxic Radiance  Pois           0%         N/A       99%         4
 Agony                    Necr           0%         N/A       100%        5
 Dispersal                Tloc           0%         N/A       100%        6
 Disjunction              Tloc           0%         N/A       100%        8


Dungeon Overview and Level Annotations

Branches:
Dungeon (10/15)            Temple (0/1) D:5           Sewer (visited)
   Lair: D:8-11         Orc: D:9-12

Altars:
Ashenzari
Dithmenos
Elyvilon
Gozag
Makhleb
Okawaru
Qazlal
Ru
Uskayaw
Vehumet
Wu Jian
Xom
Zin
The Shining One

Shops:
D:2 *   D:6 [(

Annotations:
D:7 2 transporters, ImAmAmBug's ghost, novice FeMo
D:9 3 runed translucent doors, osoart's ghost, novice TrMo
D:10 Sonja


Innate Abilities, Weirdness & Mutations

You are a tree.
Your roots penetrate the ground, keeping you stationary.
You cannot be teleported.
You are immune to unholy pain and torment.
Your maximum health is greatly increased.
Your equipment is partially melded.
((You have a pair of horns on your head.))
((You reflexively headbutt those who attack you in melee.))


Message History

It was a potion of attraction.
You feel attractive to monsters.
* * * LOW HITPOINT WARNING * * *
You feel extremely sick. The shadow hits you!
* * * LOW HITPOINT WARNING * * *
Sonja is attracted toward you.
You turn into a tree.
Your +0 cloak melds into your body.
Your +1 hat melds into your body.
Your +0 pair of boots melds into your body.
Your +2 plate armour melds into your body.
Your roots penetrate the ground.
* * * LOW HITPOINT WARNING * * *
You feel extremely sick. You block Sonja's attack.
Sonja hits you but does no damage.
You are more poisoned.
Sonja hits you but does no damage.
You are more poisoned.
The shadow hits you.
You completely miss Sonja.
Sonja is lightly wounded.
You closely miss the shadow.
* * * LOW HITPOINT WARNING * * *
You feel extremely sick. You block Sonja's attack.
Sonja hits you but does no damage.
You are more poisoned.
Sonja hits you but does no damage.
You are more poisoned.
The shadow hits you.
You closely miss Sonja.
Sonja is lightly wounded.
You hit the shadow but do no damage.
Your weapon exudes an aura of protection.
* * * LOW HITPOINT WARNING * * *
You feel extremely sick. Sonja hits you but does no damage.
You are more poisoned.
Sonja hits you but does no damage.
Sonja hits you with a +1 short sword of venom.
You die...

#####.............#
#.................#
#..................
###.................
#.........#.......##
#..###.###........
#..##..#..##.....#
#.##.##K##.##....
###. #♣# .##.. #.
#.W#..# .# . # #..
..# # ..## ##.. .##
##. # #


You could see Sonja and a shadow.

Vanquished Creatures
  Gastronok (D:8)
  Josephine (D:10)
  Erica (D:8)
  Nergalle (D:10)
  Pikel (D:9)
  Joseph (D:7)
  An unseen horror (D:10)
  A komodo dragon (D:10)
  A hornet (D:8)
  A troll (D:10)
  2 shadows (D:10)
  6 wraiths
  Sigmund (D:5)
  Grum (D:8)
  3 wyverns
  2 steam dragons (D:9)
  Menkaure (D:6)
  4 water moccasins
  2 sky beasts (D:7)
  2 orc warriors
  2 black bears
  5 centaurs
  3 ogres
  4 wolves (D:8)
  2 lemures (D:9)
  A phantom (D:7)
  10 kobold brigands
  4 bullfrogs (D:7)
  A gnoll sergeant (D:10)
  2 necrophages
  2 scorpions (D:6)
  5 wights (D:9)
  12 killer bees
  8 howler monkeys
  2 electric eels (D:7)
  An orc priest (D:9)
  3 hounds
  2 jellies
  A gnoll bouda (D:6)
  Ijyb (D:3)
  An iguana (D:6)
  12 orc wizards
  Natasha (twice) (D:4)
  7 gnolls
  2 river rats (Sewer)
  15 adders
  A shadow imp (D:5)
  2 ufetubi
  3 worms (Sewer)
  3 dart slugs
  14 orcs
  15 bats
  10 endoplasms
  3 giant cockroaches
  12 goblins
  7 hobgoblins
  2 quokkas
  5 ball pythons
  5 frilled lizards
  33 kobolds
  5 rats
  A butterfly (D:3)
265 creatures vanquished.

Notes
Turn   | Place    | Note
-------+----------+-------------------------------------------
     0 | D:1      | Iusername the Minotaur Fighter began the quest for the Orb.
     0 | D:1      | Reached XP level 1. HP: 19/19 MP: 0/0
   121 | D:1      | Reached XP level 2. HP: 15/27 MP: 1/1
   618 | D:1      | Reached skill level 3 in Axes
   640 | D:1      | Reached XP level 3. HP: 32/33 MP: 2/2
   944 | D:2      | Found a faded altar of an unknown god.
  1029 | D:2      | Reached XP level 4. HP: 24/40 MP: 3/3
  1314 | D:2      | Found Futuv's Assorted Antiques.
  1853 | D:3      | Found a sacrificial altar of Ru.
  1864 | D:3      | Noticed Ijyb
  1865 | D:3      | Found a stormy altar of Qazlal.
  1882 | D:3      | Killed Ijyb
  1883 | D:3      | Reached skill level 4 in Axes
  2111 | D:3      | Reached XP level 5. HP: 46/46 MP: 4/4
  2141 | D:3      | Found an opulent altar of Gozag.
  2141 | D:3      | Found a glowing silver altar of Zin.
  2283 | D:3      | Found a shimmering altar of Xom.
  2444 | D:4      | Found a glowing drain.
  2459 | D:4      | Noticed Natasha
  2464 | D:4      | Killed Natasha
  2646 | D:4      | You fall into a shaft and drop 1 floor!
  2646 | D:5      | Entered Level 5 of the Dungeon
  2783 | D:4      | Reached skill level 5 in Axes
  2792 | Sewer    | Entered a sewer
  2824 | Sewer    | HP: 1/47 [river rat (2)]
  4026 | Sewer    | Reached XP level 6. HP: 43/53 MP: 5/5
  4466 | Sewer    | Reached skill level 5 in Armour
  4466 | Sewer    | Reached skill level 1 in Stealth
  5101 | Sewer    | Reached skill level 6 in Axes
  5152 | Sewer    | Reached XP level 7. HP: 37/60 MP: 6/6
  5478 | D:4      | Noticed Natasha
  5485 | D:4      | Killed Natasha
  5871 | D:5      | Reached skill level 1 in Dodging
  5918 | D:5      | Found a burning altar of Makhleb.
  5921 | D:5      | Noticed Sigmund
  5928 | D:5      | Killed Sigmund
  5929 | D:5      | Reached skill level 5 in Fighting
  5929 | D:5      | Reached skill level 7 in Axes
  6022 | D:5      | Identified 2 scrolls of acquirement
  6023 | D:5      | Acquired a manual of Dodging
  6025 | D:5      | Acquired a manual of Axes
  6040 | D:5      | Reached skill level 8 in Axes
  6051 | D:5      | Found a staircase to the Ecumenical Temple.
  6230 | D:6      | Reached XP level 8. HP: 49/68 MP: 7/7
  6233 | D:6      | Reached skill level 9 in Axes
  6233 | D:6      | Reached skill level 5 in Shields
  6332 | D:6      | Found Wurraf's Antique Weapon Shoppe.
  6396 | D:6      | Reached skill level 10 in Axes
  6832 | D:6      | Reached skill level 11 in Axes
  7152 | D:6      | Reached skill level 12 in Axes
  7165 | D:6      | Noticed Menkaure
  7173 | D:6      | Killed Menkaure
  7174 | D:6      | Reached XP level 9. HP: 54/75 MP: 8/8
  7477 | D:6      | Found Udaen's Armour Boutique.
  7533 | D:6      | Found a large runed translucent door.
  7534 | D:6      | Found a large runed translucent door.
  7566 | D:6      | Found a radiant altar of Vehumet.
  7582 | D:6      | Found a hide-covered altar of Uskayaw.
  8069 | D:7      | Reached skill level 13 in Axes
  8224 | D:7      | Reached skill level 14 in Axes
  8519 | D:7      | Identified the +0 robe "Eticest" {rC+}
  8650 | D:7      | Found a transporter.
  8653 | D:7      | Noticed ImAmAmBug's ghost (novice FeMo)
  8665 | D:7      | Found a transporter.
  8794 | D:7      | Reached skill level 15 in Axes
  8951 | D:7      | Noticed Joseph
  8962 | D:7      | Killed Joseph
  9155 | D:7      | Found a white marble altar of Elyvilon.
  9155 | D:7      | Found a faded altar of an unknown god.
  9162 | D:7      | Found a broken altar of Ashenzari.
  9164 | D:7      | Found an iron altar of Okawaru.
  9166 | D:7      | Found a shadowy altar of Dithmenos.
  9416 | D:7      | Became a worshipper of Dithmenos the Shadowed
  9445 | D:8      | Noticed Gastronok
  9464 | D:8      | Killed Gastronok
  9465 | D:8      | Reached skill level 16 in Axes
  9465 | D:8      | Reached XP level 10. HP: 76/88 MP: 9/9
  9618 | D:8      | Noticed Grum
  9623 | D:8      | Reached skill level 17 in Axes
  9627 | D:8      | Killed Grum
 10002 | D:8      | Found an ornate altar of the Wu Jian Council.
 10283 | D:8      | Found a glowing golden altar of the Shining One.
 10336 | D:8      | Noticed Erica
 10347 | D:8      | Killed Erica
 10679 | D:9      | Reached * piety under Dithmenos
 10691 | D:9      | Reached skill level 10 in Armour
 10771 | D:9      | Reached skill level 18 in Axes
 10771 | D:9      | Reached XP level 11. HP: 87/97 MP: 10/10
 11085 | D:9      | Noticed Pikel
 11113 | D:9      | Killed Pikel
 11800 | D:9      | Found a runed translucent gate.
 11800 | D:9      | Found a runed translucent gate.
 11801 | D:9      | Found a runed translucent gate.
 11802 | D:9      | Noticed osoart's ghost (novice TrMo)
 11809 | D:9      | Identified the +1 chain mail of Agaeps {rElec}
 12165 | D:10     | Entered Level 10 of the Dungeon
 12215 | D:10     | Noticed Josephine
 12224 | D:10     | Killed Josephine
 12251 | D:10     | Reached ** piety under Dithmenos
 12355 | D:10     | Noticed Nergalle
 12380 | D:10     | Killed Nergalle
 12381 | D:10     | Reached skill level 10 in Fighting
 12836 | D:10     | Noticed Sonja
 12845 | D:10     | HP: 1/150 [poisoned by Sonja]
 12845 | D:10     | Slain by Sonja

Illustrated notes

Levels and vault maps discovered:
D:1:      denvon_arrival_planthouse, layout_loops_ring
D:2:      layout_basic, serial_shops, nicolae_shop_stone,
          shapermc_ecumenical_altar_totnotflames
D:3:      layout_rooms, grunt_temple_overflow_gold_and_silver,
          nicolae_overflow_hidden_temple, xom_butterflies,
          mainiacjoe_overflow_catwalk, uniq_ijyb
D:4:      layout_gridville, gup_sewer_entry_glass, uniq_natasha
D:5:      layout_rooms, kennysheep_mini_moat, temple_statues,
          minmay_misc_feat_diagonals, uniq_sigmund
D:6:      minmay_recursive_quarters, layout_rooms, jmf_multi_god_temple2,
          serial_shops, kennysheep_little_box, minmay_shop_grid_forest,
          item_on_display_a, uniq_menkaure
D:7:      minmay_inner_zag, layout_basic, chequers_temple_overflow_minitemple,
          gammafunk_ghost_smash, minivault_14, uniq_joseph
D:8:      nicolae_cairo_tiling, layout_loops_ring,
          nicolae_wu_jian_immortal_techniques, tso_altar, enter_bailey_3,
          uniq_grum, uniq_erica, uniq_gastronok
D:9:      layout_layer_cave, biasface_ghost_orc_armoury,
          chequers_serial_rivers_large_b, hangedman_abyss_or_decor_clamps,
          st_stairs_9, uniq_pikel
D:10:     minmay_the_grid_octo_triangle [minmay_the_grid_octo_teeth,
          minmay_the_grid_octo_prize_ultimate_mussel_roller,
          minmay_the_grid_octo_checkerflower], layout_basic, roderic_batcave,
          uniq_josephine, uniq_nergalle, uniq_snorg, uniq_sonja

Skill      XL: |  1  2  3  4  5  6  7  8  9 10 11 |
---------------+----------------------------------+-----
Armour         | 4 5 6 7 9 10 11 | 11.3
Shields        | 4 5 6 7 8 |  8.9
Axes           | 3 4 5 6 8 12 16 18 | 18.3
Fighting       | 4 5 6 7 9 10 | 10.2
Stealth        | 1 |  1.7
Dodging        | 1 2 3 |  3.0
Unarmed Combat | |  0.2
Evocations     | |  0.1

Action                   |  1- 3 |  4- 6 |  7- 9 | 10-12 || total
-------------------------+-------+-------+-------+-------++-------
Melee: War axe           |    55 |   192 |   250 |   225 ||   722
       Headbutt          |     4 |    17 |    38 |    45 ||   104
       Unarmed           |       |       |       |     2 ||     2
Evoke: Wand              |       |       |       |     1 ||     1
       Piece from Xom's  |       |       |       |     1 ||     1
  Use: Potion            |       |     5 |     2 |    10 ||    17
       Scroll            |       |       |    25 |     2 ||    27
Armor: Scale mail        |    23 |    14 |       |       ||    37
       Plate armour      |       |   110 |   177 |   182 ||   469
       Skin              |       |       |       |     8 ||     8
Dodge: Dodged            |    26 |    61 |    61 |   152 ||   300
Block: Buckler           |     8 |    50 |    41 |    84 ||   183

Table legend: (Time is in decaauts)
 A = Elapsed time spent in this place.
 B = Non-inter-level travel time spent in this place.
 C = Inter-level travel time spent in this place.
 D = Time resting spent in this place.
 E = Time spent auto-exploring this place.
 F = Levels seen in this place.
 G = Mean time per level.
                   A        B        C        D        E       F      G
               +--------+--------+--------+--------+--------+-----+--------+
         Total |  13113 |  12614 |    499 |   3189 |   7590 |  11 | 1192.1 |
       Dungeon |  10341 |   9842 |    499 |   1487 |   6816 |  10 | 1034.1 |
         Sewer |   2771 |   2771 |      0 |   1702 |    774 |   1 | 2771.0 |
               +--------+--------+--------+--------+--------+-----+--------+

Top non-repeatable levels by time:
   Sewer: 2771 daAuts
     D:6: 1794 daAuts
     D:9: 1653 daAuts
     D:7: 1424 daAuts
     D:8: 1093 daAuts
     D:2: 990 daAuts
     D:1: 894 daAuts
     D:4: 752 daAuts
    D:10: 674 daAuts
     D:3: 537 daAuts
     D:5: 527 daAuts
